 Dungeon Crawl Stone Soup version 0.30-a0-758-gc2c871d025 (webtiles) character file.

Game seed: 9458475550610893852

65885 Lavandula the Purifying Human (level 15, -23/105 HPs)
             Began as a Human Monk on Feb 10, 2023.
             Was a High Priest of Elyvilon.
             Annihilated by an enormous slime creature (45 damage)
             ... on level 12 of the Dungeon.
             The game lasted 00:43:36 (17737 turns).

Lavandula the Purifying Human (Human Monk)         Turns: 17737, Time: 00:43:37

Health: -23/105    AC: 14    Str: 18    XL:     15   Next: 60%
Magic:  27/27      EV: 15    Int: 11    God:    Elyvilon [*****.]
Gold:   1822       SH: 11    Dex: 16    Spells: 8/14 levels left

rFire   + . .      SeeInvis .    E - +7 trident "Radasch" {flame, rF+ rCorr}
rCold   + . .      Faith    .    x - +0 buckler
rNeg    . . .      Spirit   .    G - +0 troll leather armour
rPois   .          Reflect  +    (no helmet)
rElec   .          Harm     .    O - +2 cloak {Will+}
rCorr   +          Rampage  .    V - +1 pair of gloves
Will    ++...                    (no boots)
Stlth   ++                       t - amulet of reflection
HPRegen 1.17/turn                k - +4 ring of protection
MPRegen 0.20/turn                M - ring of protection from cold

@: studying 2 skills, unable to read
A: claws 1, inability to read after injury 1, sturdy frame 1
a: Renounce Religion, Purification, Heal Other, Heal Self, Divine Vigour


You were on level 12 of the Dungeon.
You worshipped Elyvilon.
Elyvilon was extremely pleased with you.
You visited 3 branches of the dungeon, and saw 18 of its levels.
You also visited: Ossuary, Ice Cave and Volcano.

You collected 2368 gold pieces.
You spent 494 gold pieces at shops.
You donated 52 gold pieces to Zin.

Inventory:

Hand Weapons
 w - a +3 whip
 E - the +7 trident "Radasch" (weapon) {flame, rF+ rCorr}
   (You found it on level 2 of the Dungeon)

   rF:        It protects you from fire.
   rCorr:     It protects you from acid and corrosion.
 S - a +2 trident of flaming
Missiles
 z - 10 throwing nets
 T - 24 poisoned darts
 Y - 4 silver javelins
Armour
 d - a +1 robe of resistance
 j - a scarf of resistance
 x - a +0 buckler (worn)
 G - a +0 troll leather armour (worn)
 O - a +2 cloak of willpower (worn)
 Q - a +2 robe of cold resistance
 V - a +1 pair of gloves (worn)
 W - a +3 plate armour of fire resistance
Jewellery
 b - a ring of resist corrosion
 k - a +4 ring of protection (left hand)
 m - the amulet of Wuppovemu {RegenMP Fly rElec MP-9 Int+5}
   (You found it on level 2 of the Lair of Beasts)

   [amulet of magic regeneration]

   It increases your rate of magic regeneration.
   Int:       It affects your intelligence (+5).
   rElec:     It insulates you from electricity.
   MP:        It affects your magic capacity (-9).
   Fly:       It grants you flight.
 q - a +6 ring of intelligence
 t - an amulet of reflection (around neck)
 u - a ring of poison resistance
 B - a +4 ring of protection
 D - a ring of willpower
 M - a ring of protection from cold (right hand)
 U - a ring of fire
 Z - a ring of ice
Wands
 y - a wand of flame (34)
 C - a wand of polymorph (9)
 H - a wand of mindburst (13) (quivered)
 L - a wand of digging (4)
 N - a wand of roots (16)
 X - a wand of quicksilver (7)
Scrolls
 g - 3 scrolls of immolation
 i - 2 scrolls of enchant weapon
 v - 3 scrolls of amnesia
 J - 4 scrolls of brand weapon
 R - 2 scrolls of vulnerability
Potions
 a - a potion of magic {unknown}
 c - 2 potions of ambrosia
 e - 10 potions of heal wounds
 f - 5 potions of resistance
 h - a potion of invisibility {unknown}
 l - a potion of flight {unknown}
 n - 7 potions of haste {unknown}
 o - a potion of attraction {unknown}
 p - 8 potions of cancellation
 r - 9 potions of curing {unknown}
 s - 5 potions of brilliance
 A - 5 potions of might {unknown}
 F - 2 potions of degeneration {unknown}
 I - 2 potions of berserk rage {unknown}
 K - 2 potions of lignification {unknown}
Miscellaneous
 P - a piece from Xom's chessboard (15/15)


   Skills:
 - Level 5.9 Fighting
 - Level 4.8 Maces & Flails
 - Level 14.0 Polearms
 + Level 4.2 Armour
 - Level 7.5 Dodging
 - Level 2.0 Stealth
 - Level 8.9 Shields
 - Level 8.9 Poison Magic
 - Level 17.8 Invocations
 - Level 4.1 Evocations


You had 8 spell levels left.
You knew the following spells:

 Your Spells              Type           Power      Damage    Failure   Level
a - Eringya's Noxious Bo  Tmut/Pois      4%         N/A       100%        6

Your spell library contained the following spells:

 Spells                   Type           Power      Damage    Failure   Level
 Magic Dart               Conj           0%         1d3       41%         1
 Sandblast                Erth           0%         2d4       41%         1
 Passwall                 Tmut/Erth      0%         N/A       56%         2
 Searing Ray              Conj           0%         2d4       56%         2
 Sublimation of Blood     Necr           0%         N/A       56%         2
 Call Canine Familiar     Summ           0%         N/A       80%         3
 Kindle Blastsparks       Fire/Tloc/Air  0%         2d10      80%         3
 Portal Projectile        Hex/Tloc       0%         N/A       80%         3
 Stone Arrow              Conj/Erth      0%         3d7       80%         3
 Alistair's Intoxication  Tmut/Pois      6%         N/A       90%         5
 Animate Armour           Summ/Erth      0%         N/A       99%         4
 Fulminant Prism          Conj/Hex       0%         3d5       99%         4
 Iskenderun's Mystic Bla  Conj/Tloc      0%         2d3       99%         4
 Leda's Liquefaction      Hex/Erth       0%         N/A       99%         4
 Manifold Assault         Tloc           0%         N/A       99%         4
 Petrify                  Tmut/Erth      0%         N/A       99%         4
 Blade Hands              Tmut           0%         N/A       100%        5
 Borgnjor's Vile Clutch   Necr/Erth      0%         N/A       100%        5
 Irradiate                Conj/Tmut      0%         3d11      100%        5
 Lee's Rapid Deconstruct  Erth           0%         3d4*      100%        5
 Dispersal                Tloc           0%         N/A       100%        6
 Iron Shot                Conj/Erth      0%         9d1       100%        6
 Disjunction              Tloc           0%         N/A       100%        8


Dungeon Overview and Level Annotations

Branches:
Dungeon (12/15)            Temple (1/1) D:6            Lair (5/5) D:11
  Swamp (0/4) Lair:2        Snake (0/4) Lair:3        Slime (0/5) Lair:5
Ossuary (visited)           IceCv (visited)         Volcano (visited)
    Orc: D:9-12

Altars:
Ashenzari
Cheibriados
Dithmenos
Elyvilon
Fedhas
Gozag
Hepliaklqana
Makhleb
Nemelex Xobeh
Okawaru
Qazlal
Ru
Sif Muna
Trog
Uskayaw
Vehumet
Wu Jian
Xom
Yredelemnul
Zin
The Shining One

Shops:
D:6 :   D:12 (

Annotations:
D:5 crypt, 1 exclusion
Lair:5 2 transporters, Asuyniq's ghost, journeyman OpFE


Innate Abilities, Weirdness & Mutations

You have sharp fingernails.
You occasionally lose the ability to read scrolls when taking damage.
Your movements are slightly less encumbered by armour. (ER -2)


Message History

The enormous slime creature is heavily wounded.
You impale the enormous slime creature!!
You burn the enormous slime creature!
The enormous slime creature is heavily wounded.
You puncture the enormous slime creature!
You burn the enormous slime creature.
The enormous slime creature is severely wounded.
The enormous slime creature hits you!!
You puncture the enormous slime creature!
You burn the enormous slime creature.
The enormous slime creature is severely wounded.
You puncture the enormous slime creature!
You burn the enormous slime creature.
The enormous slime creature is severely wounded.
The enormous slime creature hits you but does no damage.
You hit the enormous slime creature but do no damage.
The enormous slime creature is severely wounded.
The enormous slime creature misses you.
You puncture the enormous slime creature!
You burn the enormous slime creature.
The enormous slime creature is severely wounded.
You hit the enormous slime creature. You burn the enormous slime creature.
The enormous slime creature is severely wounded.
The enormous slime creature completely misses you.
You puncture the enormous slime creature!
You burn the enormous slime creature.
The enormous slime creature is almost dead.
The enormous slime creature hits you!!!
Ouch! That really hurt!
* * * LOW HITPOINT WARNING * * *
You are too injured to fight recklessly!
The enormous slime creature attacks as you move away!
The enormous slime creature hits you.
* * * LOW HITPOINT WARNING * * *
The enormous slime creature attacks as you move away!
You block the enormous slime creature's attack.
The enormous slime creature attacks as you move away!
The enormous slime creature hits you!!!
You feel threatened and lose the ability to read scrolls!
You die...

### #.##### #.....#
#.###.# #@# #.######
#######J# #......#
#.......########.###
#.####......# #...#
#.###.## ###.#####
#.# #.# #...#....
#+# #.# #.###.###
..# ###.###.# # ...#
#......)# #


You could see an enormous slime creature.

Vanquished Creatures
  A fire dragon (Lair:5)
  Harold (D:9)
  Fannar (D:10)
  A hydra (Lair:2)
  A centaur warrior (D:12)
  7 two-headed ogres
  4 boulder beetles
  2 tengu warriors
  3 bog bodies (Lair:2)
  Pikel (D:8)
  2 lindwurms
  3 oklob plants (Lair:3)
  2 ugly things
  A manticore (D:11)
  8 cyclopes (D:11)
  2 ice statues (IceCv)
  9 elephants
  Joseph (Lair:1)
  Maurice (D:8)
  9 black mambas
  11 cane toads
  2 gargoyles
  2 molten gargoyles (Lair:5)
  Maggie (Lair:1)
  2 kobold demonologists (D:11)
  2 unseen horrors (D:11)
  An efreet (Volcano)
  3 rime drakes (IceCv)
  8 komodo dragons
  2 ice devils (Lair:3)
  4 trolls
  A meliai (D:11)
  7 blink frogs
  8 dream sheep
  3 shadows
  2 slime creatures (Lair:5)
  5 wraiths
  39 yaks
  7 wyverns
  6 basilisks
  7 steam dragons
  2 swamp worms (Lair:2)
  3 acid dragons
  2 nagas (Lair:3)
  4 water moccasins
  5 hell hounds (Lair:5)
  A floating eye (Lair:3)
  2 black bears
  2 ice beasts
  2 orc warriors (D:7)
  2 ogres
  13 wolves
  A phantom (D:5)
  7 centaurs
  4 lemures (D:8)
  An elf zombie (Ossuary)
  4 kobold brigands
  8 bullfrogs
  2 earth elementals (Volcano)
  8 necrophages
  3 scorpions
  2 gnoll sergeants
  A water moccasin zombie (D:7)
  5 wights (D:10)
  4 jellies
  25 killer bees
  6 lindwurm simulacra (IceCv)
  4 electric eels
  5 howler monkeys
  4 lava snakes (Lair:5)
  A centaur zombie (D:5)
  2 komodo dragon simulacra (IceCv)
  A gnoll bouda (D:9)
  3 human zombies (Ossuary)
  10 orc priests
  A hound (D:6)
  Jessica (D:2)
  4 iguanas
  16 orc wizards
  2 killer bee zombies (D:7)
  A howler monkey zombie (D:7)
  3 mummies
  16 gnolls
  4 adders
  7 river rats (D:6)
  7 acid dragon simulacra (IceCv)
  A shadow imp (D:5)
  A white imp (D:7)
  4 ufetubi
  4 steam dragon simulacra (IceCv)
  3 adder zombies
  2 worms
  13 dart slugs
  26 orcs
  6 endoplasms
  7 giant cockroaches
  7 goblins
  6 hobgoblins
  A jackal (D:5)
  10 quokkas
  4 ball pythons
  6 bats
  3 frilled lizards
  A goblin zombie (Ossuary)
  12 hobgoblin zombies (Ossuary)
  A jackal zombie (Ossuary)
  23 kobolds
  3 kobold zombies (Ossuary)
  12 orc zombies (Ossuary)
  23 rats
  2 rat zombies (Ossuary)
575 creatures vanquished.

Vanquished Creatures (others)
  A hydra (D:11)
  A two-headed ogre (D:11)
  An ugly thing (D:11)
  A rime drake (IceCv)
  An unseen horror (D:11)
  A yak (Lair:1)
  A water moccasin (Lair:5)
  An earth elemental (Volcano)
  A lindwurm simulacrum (IceCv)
  A gnoll (D:6)
  An acid dragon simulacrum (IceCv)
  5 fungi
  30 plants
46 creatures vanquished.

Grand Total: 621 creatures vanquished

Notes
Turn   | Place    | Note
-------+----------+-------------------------------------------
     0 | D:1      | Lavandula the Human Monk began the quest for the Orb.
     0 | D:1      | Reached XP level 1. HP: 18/18 MP: 1/1
    95 | D:1      | Reached XP level 2. HP: 24/24 MP: 2/2
   474 | D:1      | Found a faded altar of an unknown god.
   521 | D:1      | Reached XP level 3. HP: 29/29 MP: 3/3
  1028 | D:2      | Noticed Jessica
  1053 | D:2      | Killed Jessica
  1054 | D:2      | Reached XP level 4. HP: 30/35 MP: 4/4
  1096 | D:2      | Identified the +7 trident "Radasch" {flame, rF+ rCorr}
  1213 | D:3      | Noticed a scorpion
  1235 | D:3      | Killed a scorpion
  1236 | D:3      | Reached XP level 5. HP: 26/42 MP: 5/5
  1524 | D:3      | Reached XP level 6. HP: 30/50 MP: 6/6
  1988 | D:4      | Reached skill level 5 in Fighting
  2525 | D:4      | Found a burning altar of Makhleb.
  3236 | D:5      | Entered Level 5 of the Dungeon
  3276 | D:5      | Noticed an ogre
  3292 | D:5      | Noticed a troll
  3308 | D:4      | Reached skill level 1 in Polearms
  3308 | D:4      | Reached XP level 7. HP: 56/57 MP: 7/7
  3524 | D:5      | Found a shadowy altar of Dithmenos.
  3561 | D:5      | Killed a troll
  3562 | D:5      | Reached skill level 5 in Polearms
  3562 | D:5      | Reached XP level 8. HP: 46/64 MP: 8/8
  4239 | D:6      | Noticed a boulder beetle
  4288 | D:6      | Noticed a wraith
  4289 | D:6      | Found Awoxzipin's Book Shop.
  4297 | D:6      | Noticed a yak
  4300 | D:6      | Noticed a yak
  4302 | D:6      | Noticed a yak
  4304 | D:6      | Killed a wraith
  4312 | D:6      | Found a staircase to the Ecumenical Temple.
  4314 | D:6      | Killed a yak
  4315 | D:6      | Reached XP level 9. HP: 61/69 MP: 9/9
  4319 | Temple   | Entered the Ecumenical Temple
  4372 | Temple   | Became a worshipper of Zin the Law-Giver
  4372 | Temple   | Reached * piety under Zin
  4372 | Temple   | Reached ** piety under Zin
  4372 | Temple   | Reached *** piety under Zin
  4426 | D:6      | Found a sand-covered staircase.
  4435 | Ossuary  | Entered an ossuary
  4570 | Ossuary  | Reached **** piety under Zin
  4571 | Ossuary  | Reached skill level 10 in Polearms
  4730 | D:6      | Killed a boulder beetle
  4731 | D:6      | Reached skill level 5 in Invocations
  4734 | D:6      | Reached XP level 10. HP: 62/76 MP: 9/13
  4740 | D:6      | Reached skill level 6 in Invocations
  4894 | D:6      | Found an iron altar of Okawaru.
  5159 | D:6      | Reached skill level 7 in Invocations
  5279 | D:6      | Reached ***** piety under Zin
  5361 | D:7      | Reached skill level 8 in Invocations
  5586 | D:7      | Found a blossoming altar of Fedhas.
  5621 | D:7      | Reached skill level 9 in Invocations
  5723 | D:7      | Found a sparkling altar of Nemelex Xobeh.
  6284 | D:8      | Found a white marble altar of Elyvilon.
  6286 | D:8      | Found a bloodstained altar of Trog.
  6426 | D:8      | Noticed Maurice
  6440 | D:8      | Killed Maurice
  6441 | D:8      | Reached XP level 11. HP: 81/81 MP: 18/18
  6469 | D:8      | Noticed Pikel
  6511 | D:8      | Killed Pikel
  6545 | D:8      | Found an opulent altar of Gozag.
  6765 | D:8      | Found a shimmering blue altar of Sif Muna.
  6946 | D:9      | Noticed a two-headed ogre
  6951 | D:9      | Killed a two-headed ogre
  7003 | D:8      | Fell from the grace of Zin
  7003 | D:8      | Became a worshipper of Elyvilon the Healer
  7003 | D:8      | Reached * piety under Elyvilon
  7003 | D:8      | Reached ** piety under Elyvilon
  7003 | D:8      | Reached *** piety under Elyvilon
  7055 | D:9      | Noticed a white ugly thing
  7081 | D:9      | Killed a white ugly thing
  7131 | D:9      | Noticed a tengu warrior
  7138 | D:9      | Killed a tengu warrior
  7184 | D:9      | Noticed a boulder beetle
  7209 | D:9      | Pacified a boulder beetle
  7312 | D:9      | Noticed Harold
  7330 | D:9      | Killed Harold
  7597 | D:9      | Found a glowing golden altar of the Shining One.
  7599 | D:9      | Gained mutation: You have hidden genetic defects. [potion
                  | of mutation]
  7599 | D:9      | Gained mutation: Your mind is acute. (Int +4, Str/Dex -1)
                  | [potion of mutation]
  7599 | D:9      | Gained mutation: You occasionally lose the ability to drink
                  | potions when taking damage. [potion of mutation]
  7599 | D:9      | Gained mutation: Your flesh is cold resistant. (rC+)
                  | [potion of mutation]
  7756 | D:9      | Lost mutation: You occasionally lose the ability to drink
                  | potions when taking damage. [potion of mutation]
  7756 | D:9      | Lost mutation: Your mind is acute. (Int +4, Str/Dex -1)
                  | [potion of mutation]
  7756 | D:9      | Lost mutation: Your flesh is cold resistant. (rC+) [potion
                  | of mutation]
  7757 | D:9      | Lost mutation: You have hidden genetic defects. [potion of
                  | mutation]
  7757 | D:9      | Gained mutation: You are strong-willed. (Will+) [potion of
                  | mutation]
  7757 | D:9      | Gained mutation: You are frail. (-10% HP) [potion of
                  | mutation]
  7757 | D:9      | Gained mutation: You occasionally lose the ability to read
                  | scrolls when taking damage. [potion of mutation]
  7874 | D:10     | Entered Level 10 of the Dungeon
  7907 | D:10     | Reached **** piety under Elyvilon
  8092 | D:10     | Reached XP level 12. HP: 78/78 MP: 19/19
  8203 | D:10     | Found a shimmering altar of Xom.
  8243 | D:10     | Noticed Fannar
  8260 | D:10     | Killed Fannar
  8261 | D:10     | Reached skill level 5 in Dodging
  8929 | D:11     | Identified the +4 sling of the Eternal Warrior {flame,
                  | Drain rC++ Dex+6}
  9035 | D:11     | Found a staircase to the Lair.
  9179 | D:6      | Bought Great Wizards, Vol. II for 494 gold pieces
  9186 | D:6      | Learned a level 6 spell: Eringya's Noxious Bog
  9285 | D:11     | Reached skill level 1 in Poison Magic
  9297 | D:11     | Noticed a two-headed ogre
  9301 | D:11     | Killed a two-headed ogre
  9329 | D:11     | Noticed a two-headed ogre
  9338 | D:11     | Noticed a two-headed ogre
  9340 | D:11     | Reached skill level 5 in Poison Magic
  9354 | D:10     | Killed a two-headed ogre
  9374 | D:11     | Noticed a tengu warrior
  9392 | D:11     | Killed a tengu warrior
  9442 | D:11     | Reached skill level 10 in Invocations
  9542 | D:11     | Reached XP level 13. HP: 65/83 MP: 21/21
  9554 | D:11     | Reached skill level 11 in Invocations
  9779 | D:11     | Reached skill level 12 in Invocations
  9908 | D:11     | Noticed a six-headed hydra
  9915 | D:11     | Pacified a six-headed hydra
  9917 | D:11     | Killed a six-headed hydra
 10014 | D:11     | Reached skill level 13 in Invocations
 10296 | D:11     | Lost mutation: You are frail. (-10% HP) [potion of
                  | mutation]
 10296 | D:11     | Lost mutation: You are strong-willed. (Will+) [potion of
                  | mutation]
 10296 | D:11     | Gained mutation: Your movements are slightly less
                  | encumbered by armour. (ER -2) [potion of mutation]
 10296 | D:11     | Gained mutation: You have sharp fingernails. [potion of
                  | mutation]
 10593 | Lair:1   | Entered Level 1 of the Lair of Beasts
 10620 | Lair:1   | Reached skill level 14 in Invocations
 10643 | Lair:1   | Found a dark tunnel.
 10652 | Volcano  | Entered a volcano
 10707 | Volcano  | Noticed a stone giant
 10708 | Volcano  | Pacified a stone giant
 10911 | Lair:1   | Noticed Maggie
 10924 | Lair:1   | Killed Maggie
 11033 | Lair:1   | Reached skill level 15 in Invocations
 11219 | Lair:1   | Reached XP level 14. HP: 96/99 MP: 25/25
 11256 | Lair:1   | Noticed Joseph
 11398 | Lair:1   | Killed Joseph
 12176 | Lair:2   | Reached skill level 16 in Invocations
 12264 | Lair:2   | Identified the amulet of Wuppovemu {RegenMP Fly rElec MP-9
                  | Int+5}
 12772 | Lair:2   | Found a staircase to the Swamp.
 12907 | Lair:3   | Found a staircase to the Snake Pit.
 12913 | Lair:3   | Reached skill level 17 in Invocations
 12943 | Lair:3   | Found a frozen archway.
 12999 | IceCv    | Entered an ice cave
 13517 | IceCv    | Noticed a white draconian
 13523 | IceCv    | Pacified a white draconian
 14634 | Lair:3   | Reached skill level 1 in Evocations
 14701 | Lair:4   | Reached ***** piety under Elyvilon
 15106 | Lair:4   | Reached skill level 1 in Shields
 15646 | Lair:5   | Entered Level 5 of the Lair of Beasts
 15646 | Lair:5   | Found a staircase to the Slime Pits.
 15890 | Lair:4   | Reached XP level 15. HP: 55/105 MP: 17/27
 15965 | Lair:4   | Reached skill level 5 in Shields
 16224 | Lair:5   | Identified a scroll of acquirement
 16225 | Lair:5   | Acquired 787 gold pieces
 16326 | Lair:5   | Noticed Asuyniq's ghost (journeyman OpFE)
 16402 | Lair:5   | Found a transporter.
 16799 | Lair:5   | Reached skill level 1 in Armour
 16799 | Lair:5   | Found a large runed translucent door.
 16821 | Lair:5   | Found a large runed translucent door.
 16868 | Lair:5   | Identified the +1 leather armour "Dyguluy" {rCorr}
 16998 | Lair:5   | Found a transporter.
 17374 | D:12     | Found Hemaen's Antique Weapon Shoppe.
 17737 | D:12     | Annihilated by an enormous slime creature

Illustrated notes

Levels and vault maps discovered:
D:1:      scummos_arrival_checkerplants, layout_loops_ring,
          shapermc_ecumenical_altar_starsandcircs
D:2:      layout_basic, uniq_jessica
D:3:      layout_basic
D:4:      wander_river, layout_loops_corners, makhleb_altar_promises_db,
          minmay_misc_feat_chi, nicolae_elevator_lobby_asterisk
D:5:      kennysheep_slugbush, layout_basic,
          lemuel_mausoleum_altar_kikubaaqudgha,
          mainiacjoe_overflow_cross_hatched, kennysheep_big_empty_room,
          st_stairs_10, minmay_divided_ellipse
D:6:      lemuel_ratsnest, layout_cave_pools, okawaru_ov_weapons_minmay,
          minmay_temple_entry_wispy, gup_ossuary_entry_pyramid, serial_shops,
          nicolae_shop_stone
D:7:      layout_basic, fedhas_altar_decomposition,
          mainiacjoe_overflow_alcove_4, kennysheep_cross_bottleneck,
          serial_bayou_pond_e, minmay_manual_mandibuliform
D:8:      layout_gridville, kennysheep_little_box, mainiacjoe_overflow_alcove_1,
          mainiacjoe_overflow_large_starburst, uniq_pikel, uniq_maurice
D:9:      layout_irregular_city, tso_metal_star, kb_rosetta, uniq_harold
D:10:     layout_roguey, xom_butterflies, minmay_misc_feat_rows, uniq_fannar
D:11:     nzn_winding_woodlands_stair_cross
          [nzn_winding_woodlands_5x15_river_crossing,
          nzn_winding_woodlands_center_lodge, nzn_winding_woodlands_5x15_pool,
          nzn_winding_woodlands_5x5_closed_star,
          nzn_winding_woodlands_5x5_default, nzn_winding_woodlands_5x15_zeroes,
          nzn_winding_woodlands_center_pierced_h,
          nzn_winding_woodlands_5x15_pockets], layout_stronghold,
          lair_entry_dummy, minmay_unpleasant_kobolds
D:12:     minmay_inner_zag, layout_basic, zombieorc2_lemuel, serial_shops,
          nicolae_stop_n_shop_1
Temple:   compressed_dpeg_circular_temple
Lair:1:   layout_layer_cave, nicolae_volcano_entry_lava_flow,
          beast_lair_carwin_6, serial_bayou_shore_a, uniq_joseph, uniq_maggie
Lair:2:   layout_misc_corridors, nicolae_swamp_entry_splash_gauntlet,
          lemuel_fruit_tree
Lair:3:   layout_small_grid, minmay_snake_entry_guardpost_small,
          portal_ice_cave_demonic_guard, chequers_serial_rivers_small_b,
          disabler_island, lemuel_fruit_fields
Lair:4:   layout_gridlike
Lair:5:   cheibrodos_lair_end_hotspot, layout_big_grid,
          minmay_slime_entry_pillars, gammafunk_ghost_hive

Skill      XL: |  1  2  3  4  5  6  7  8  9 10 11 12 13 14 15 |
---------------+----------------------------------------------+-----
Maces & Flails | 4 |  4.8
Fighting       | 4 5 |  5.9
Polearms       | 1 5 8 10 11 14 | 14.0
Invocations    | 5 9 10 15 17 | 17.8
Dodging        | 4 7 |  7.5
Poison Magic   | 8 |  8.9
Evocations     | 4 |  4.1
Shields        | 4 8 |  8.9
Armour         | 4 |  4.2
Stealth        | |  2.0

Action                     |  1- 3 |  4- 6 |  7- 9 | 10-12 | 13-15 || total
---------------------------+-------+-------+-------+-------+-------++-------
  Melee: Mace              |    32 |       |       |       |       ||    32
         Whip              |    95 |   188 |    55 |       |       ||   338
         Punch             |       |     3 |     4 |    10 |    16 ||    33
         Trident           |       |       |   226 |   724 |  1280 ||  2230
 Invoke: Recite            |       |       |       |     9 |       ||     9
         Heal Other        |       |       |       |     8 |    20 ||    28
         Heal Self         |       |       |       |     1 |    11 ||    12
  Evoke: Wand              |       |     4 |       |     6 |    26 ||    36
         Piece from Xom's  |       |       |       |       |     1 ||     1
    Use: Scroll            |       |     1 |     9 |     7 |    10 ||    27
         Potion            |       |       |     5 |     3 |     2 ||    10
   Stab: Sleeping          |     2 |     2 |     1 |     6 |     5 ||    16
         Distracted        |       |       |     1 |     4 |     1 ||     6
         Confused          |       |       |       |     6 |       ||     6
         Paralysed         |       |       |       |     2 |       ||     2
         Petrified         |       |       |       |       |     8 ||     8
 Armour: Robe              |     2 |       |       |       |    22 ||    24
         Ring mail         |    11 |       |       |       |       ||    11
         Leather armour    |    33 |    61 |    38 |       |     1 ||   133
         Troll leather arm |       |       |    53 |   155 |   249 ||   457
  Dodge: Dodged            |    83 |    99 |   159 |   267 |   534 ||  1142
  Block: Other             |       |       |    52 |   115 |    88 ||   255
         Reflection        |       |       |       |     1 |     6 ||     7
         Buckler           |       |       |       |       |   233 ||   233

Table legend: (Time is in decaauts)
 A = Elapsed time spent in this place.
 B = Non-inter-level travel time spent in this place.
 C = Inter-level travel time spent in this place.
 D = Time resting spent in this place.
 E = Time spent auto-exploring this place.
 F = Levels seen in this place.
 G = Mean time per level.
                   A        B        C        D        E       F      G
               +--------+--------+--------+--------+--------+-----+--------+
         Total |  17017 |  15758 |   1259 |   1033 |  10347 |  21 |  810.3 |
       Dungeon |  10355 |   9413 |    942 |    565 |   6426 |  12 |  862.9 |
        Temple |     67 |     53 |     14 |      0 |      0 |   1 |   67.0 |
          Lair |   5560 |   5257 |    303 |    382 |   3580 |   5 | 1112.0 |
       Ossuary |    219 |    219 |      0 |      0 |     52 |   1 |  219.0 |
      Ice Cave |    591 |    591 |      0 |     86 |    264 |   1 |  591.0 |
       Volcano |    222 |    222 |      0 |      0 |     24 |   1 |  222.0 |
               +--------+--------+--------+--------+--------+-----+--------+

Top non-repeatable levels by time:
    D:11: 1645 daAuts
  Lair:4: 1381 daAuts
  Lair:1: 1299 daAuts
  Lair:3: 1178 daAuts
  Lair:5: 993 daAuts
     D:4: 975 daAuts
     D:3: 936 daAuts
     D:5: 917 daAuts
     D:9: 912 daAuts
     D:7: 870 daAuts
    D:10: 800 daAuts
     D:6: 796 daAuts
     D:1: 786 daAuts
     D:8: 746 daAuts
  Lair:2: 708 daAuts
